 Dungeon Crawl Stone Soup version 0.25-a0-290-g4a1327ee3a (webtiles) character file.

Game seed: 11478606518364295050, levelgen mode: classic

500 Borgoz the Cutter (level 7, 0/44 HPs)
             Began as a Kobold Fighter on Dec 15, 2019.
             Was a Follower of Okawaru.
             Slain by an ogre
             ... wielding a +0 giant club
              (11 damage)
             ... on level 7 of the Dungeon.
             The game lasted 00:04:57 (4433 turns).

Borgoz the Cutter (Kobold Fighter)                  Turns: 4433, Time: 00:04:57

Health: 0/44       AC:  9    Str: 15    XL:     7   Next: 40%
Magic:  7/7        EV: 10    Int:  9    God:    Okawaru [*.....]
Gold:   167        SH:  9    Dex: 15    Spells: 6/6 levels left

rFire    . . .     SeeInvis .   i - +1 dagger (venom)
rCold    . . .     Gourm    .   c - +0 shield
rNeg     . . .     Faith    .   b - +1 scale mail
rPois    .         Spirit   .   (no helmet)
rElec    .         Reflect  .   e - +0 cloak
rCorr    .         Harm     .   (no gloves)
MR       +....                  (no boots)
Stlth    ..........             (no amulet)
HPRegen  0.14/turn              n - ring of protection from magic
MPRegen  0.10/turn              (no ring)

@: flying
A: small, carnivore
a: Heroism, Renounce Religion


You were on level 7 of the Dungeon.
You worshipped Okawaru.
Okawaru was aware of your devotion.
You were completely stuffed.

You visited 1 branch of the dungeon, and saw 5 of its levels.

You collected 167 gold pieces.

Inventory:

Hand Weapons
 a - a +1 rapier
 i - a +1 dagger of venom (weapon)
 l - a +0 rapier
Armour
 b - a +1 scale mail (worn)
 c - a +0 shield (worn)
 e - a +0 cloak (worn)
Jewellery
 n - a ring of protection from magic (left hand)
Scrolls
 h - 3 scrolls of teleportation {unknown}
 j - 2 scrolls of magic mapping
 m - 2 scrolls of remove curse
Potions
 k - a potion of lignification {unknown}
Comestibles
 f - 7 rations
 g - 5 chunks of flesh


   Skills:
 + Level 4.6 Fighting
 + Level 4.7 Short Blades
 * Level 4.2 Armour
 + Level 3.2 Dodging
 + Level 3.4 Shields


You had 6 spell levels left.
You didn't know any spells.
Your spell library was empty.

Dungeon Overview and Level Annotations

Branches:
Dungeon (4/15)
 Temple: D:4-7

Altars:
Dithmenos
Okawaru


Innate Abilities, Weirdness & Mutations

You are small and have problems with some larger weapons.
You are carnivorous and can eat meat at any time.


Message History

You now have 167 gold pieces (gained 12).
Some of the chunks of flesh in your inventory have rotted away.
Found 3 boomerangs.
An ogre comes into view. It is wielding a +0 giant club.
The ogre hits you with a +0 giant club!
You hit the ogre.
The ogre is poisoned.
The ogre is lightly wounded.
The ogre hits you with a +0 giant club!!
* * * LOW HITPOINT WARNING * * *
You are too injured to fight recklessly!
You are too injured to fight recklessly!
Some of the chunks of flesh in your inventory have rotted away.
You aren't carrying any items that you can evoke.
It was a potion of flight.
You feel very buoyant.
You fly up into the air.
You hit the ogre.
The ogre looks even sicker.
The ogre is severely wounded.
The ogre hits you with a +0 giant club!
You die...

...(# #.### #..
#.#.###.#.#
#..####.#.#...#.#
#...............#
#..####.....#####
# #..# ###.#.# .
#..# #.#.# #
#..######.#O# #
#.........#@#
######..########.#
........# #.#
........# #>#
#######.# #.# ####
#.########.#
...####.......<..#
##...............#
#################


You could see an ogre.

Vanquished Creatures
  Eustachio (D:4)
  A phantom (D:4)
  Crazy Yiuf (D:3)
  An orc wizard (D:4)
  Jessica (D:2)
  Natasha (D:3)
  A worker ant (D:4)
  4 gnolls (D:2)
  4 adders
  3 worms
  A dart slug (D:2)
  3 leopard geckos
  8 orcs (D:4)
  3 giant cockroaches
  8 goblins
  5 hobgoblins
  5 jackals (D:3)
  A ball python (D:3)
  5 bats
  7 frilled lizards
  6 kobolds
  A leopard gecko skeleton (D:4)
  5 rats
76 creatures vanquished.

Notes
Turn   | Place    | Note
-------+----------+-------------------------------------------
     0 | D:1      | Borgoz the Kobold Fighter began the quest for the Orb.
     0 | D:1      | Reached XP level 1. HP: 14/14 MP: 1/1
   145 | D:1      | Reached XP level 2. HP: 18/19 MP: 2/2
   543 | D:1      | Reached skill level 1 in Dodging
   850 | D:2      | Reached XP level 3. HP: 22/23 MP: 3/3
   928 | D:2      | Found a shadowy altar of Dithmenos.
  1214 | D:2      | Noticed Jessica
  1228 | D:2      | Killed Jessica
  1228 | D:2      | Reached XP level 4. HP: 10/29 MP: 4/4
  1542 | D:2      | Reached XP level 5. HP: 9/33 MP: 5/5
  2115 | D:3      | Found an iron altar of Okawaru.
  2132 | D:3      | Became a worshipper of Warmaster Okawaru
  2495 | D:3      | Noticed Natasha
  2807 | D:4      | Noticed a phantom
  2808 | D:4      | Noticed Eustachio
  3026 | D:3      | Killed Natasha
  3105 | D:3      | Found a runed translucent door.
  3106 | D:3      | Noticed Crazy Yiuf
  3114 | D:3      | Killed Crazy Yiuf
  3114 | D:3      | Reached XP level 6. HP: 13/38 MP: 6/6
  3880 | D:4      | Killed a phantom
  4181 | D:4      | Reached XP level 7. HP: 33/44 MP: 7/7
  4205 | D:4      | Killed Eustachio
  4205 | D:4      | Reached * piety under Okawaru
  4299 | D:4      | You fall into a shaft and drop 3 floors!
  4433 | D:7      | Slain by an ogre

Levels and vault maps discovered:
D:1:      ncdulo_halloftheorcs, layout_basic, serial_curves, eino_curves_02,
          eino_curves_01, eino_curves_03, eino_curves_01, hex_large
D:2:      layout_loops_ring, nicolae_dithmenos_shadow_blocks,
          hangedman_decor_points, minmay_misc_feat_diagonals, uniq_jessica
D:3:      layout_loops_ring, okawaru_gym_becter,
          wander_ebering_terrifying_dragon_lair, uniq_crazy_yiuf_cottage,
          uniq_natasha
D:4:      layout_loops_ring, kennysheep_mini, overflow_temple_1_default,
          first_ration, uniq_eustachio
D:7:      layout_loops_ring, kennysheep_mini_moat, kennysheep_little_box

Skill      XL: |  1  2  3  4  5  6  7 |
---------------+----------------------+-----
Dodging        | 1 2 3 |  3.2
Short Blades   | 3 4 |  4.7
Armour         | 3 4 |  4.2
Fighting       | 4 |  4.6
Shields        | 3 |  3.4

Action                   |  1- 3 |  4- 6 |  7- 9 || total
-------------------------+-------+-------+-------++-------
Melee: Rapier            |   113 |   203 |       ||   316
       Dagger            |       |    17 |    31 ||    48
  Use: Potion            |     1 |     3 |     1 ||     5
       Scroll            |       |     7 |       ||     7
  Eat: Chunk             |     9 |    10 |     1 ||    20
Armor: Scale mail        |    44 |    53 |    11 ||   108
Dodge: Dodged            |    32 |    79 |    13 ||   124
Block: Shield            |    50 |    95 |    18 ||   163

Table legend:
 A = Non-vault XP
 B = Vault XP
 C = Vault XP percentage of total XP
 D = Non-vault monster count
 E = Vault monster count
 F = Vault count percentage of total count
                 A         B        C        D         E       F
            +---------+---------+-------+---------+---------+-------
      Total |     421 |     294 |  41.1 |      71 |       5 |   6.6
            +---------+---------+-------+---------+---------+-------
        D:1 |      25 |       0 |   0.0 |      16 |       0 |   0.0
        D:2 |      99 |      37 |  27.2 |      19 |       1 |   5.0
        D:3 |      31 |      76 |  71.0 |      18 |       3 |  14.3
        D:4 |     266 |     181 |  40.5 |      18 |       1 |   5.3
            +---------+---------+-------+---------+---------+-------
